Map: Oxide LE

Players

Pumba - Winner!

  • Race: Zerg Zerg
  • League: Diamond
  • Spawn Location: 1:00

EssenZa

  • Race: Protoss Protoss
  • League: Diamond
  • Spawn Location: 7:00

VOD

Have the link to the VOD?

Description

Time

  • Played on: Aug. 31, 2021, 7:40 p.m.
  • Length: 4:05
Show
View Real Time Build Order
Export as new Build Order

Pumba Zerg - Winner!

Build Orders: Pool First 

Get SALT Encoding   

  12  0:01  Drone  
  13  0:12  Overlord  
  13  0:18  Drone  
  14  0:31  Drone x2  
  14  0:35  Drone  
  17  0:46  Drone, Extractor  
  17  0:51  Spawning Pool  
  16  0:58  Drone  
  17  1:15  Hatchery  
  16  1:20  Drone  
  17  1:27  Drone  
  18  1:38  Queen  
  18  1:39  Zergling x2  
  21  1:47  Overlord  
  21  1:54  Metabolic Boost  
  21  1:58  Drone  
  22  2:12  Roach Warren, Extractor  
  22  2:14  Zergling x2  
  21  2:22  Zergling x4  
  23  2:32  Zergling x2  
  23  2:42  Zergling x2  
  24  2:56  Zergling x12  
  27  3:07  Roach x2  
  30  3:27  Overlord x2  
  30  3:28  Roach  
  30  3:30  Ravager  
  30  3:33  Ravager  
  34  3:45  Roach  
  36  3:55  Ravager  
Show
View Real Time Build Order
Export as new Build Order

EssenZa Protoss 

Build Orders:  

Get SALT Encoding   

  12  0:00  Probe  
  13  0:12  Probe  
  14  0:18  Pylon  
  14  0:24  Probe  
  15  0:37  Gateway  
  15  0:40  Probe (Chrono Boost)  
  17  0:50  Probe (Chrono Boost)  
  17  0:51  Assimilator  
  17  0:54  Probe (Chrono Boost)  
  18  1:10  Forge  
  18  1:15  Probe  
  19  1:27  Probe  
  20  1:38  Cybernetics Core  
  20  1:40  Pylon  
  20  1:46  Probe  
  21  2:00  Photon Cannon  
  21  2:02  Photon Cannon  
  21  2:07  Gateway  
  20  2:12  Pylon  
  20  2:23  Photon Cannon  
  20  2:26  Photon Cannon  
  20  2:30  Robotics Facility  
  20  2:37  Shield Battery  
  20  3:06  Photon Cannon  
  20  3:09  Shield Battery  
  20  3:17  Observer (Chrono Boost)  
  21  3:21  Probe  
  21  3:23  Assimilator  
  22  3:30  Immortal (Chrono Boost)  
  22  3:33  Probe, Photon Cannon  
  27  3:37  Photon Cannon  
  27  3:55  Cybernetics Core  
Tags
 
Add a new tag
Caveats
  • Supply blocks, unpowered buildings, or Contaminate may cause inaccurate times.
  • Supply counts are checked every 10 seconds.